 Dungeon Crawl Stone Soup version 0.27-a0-1431-gcffa5a9b16 (webtiles) character file.

Game seed: 17183989965515858033

53 unlimited the Conjurer (level 3, -5/26 HPs)
             Began as a Demigod Conjurer on July 2, 2021.
             Slain by Sigmund (11 damage)
             ... on level 2 of the Dungeon.
             The game lasted 00:14:00 (4327 turns).

unlimited the Conjurer (Demigod Conjurer)           Turns: 4327, Time: 00:14:00

Health: -5/26      AC:  2    Str:  8    XL:     3   Next: 41%
Magic:  5/8        EV: 12    Int: 24    God:
Gold:   54         SH:  0    Dex: 12    Spells: 5/6 levels left

rFire    + . .     SeeInvis .   g - +0 short sword
rCold    . . .     Faith    .   (no shield)
rNeg     . . .     Spirit   .   a - +0 robe
rPois    .         Reflect  .   (no helmet)
rElec    .         Harm     .   (no cloak)
rCorr    .         Rampage  .   (no gloves)
Will     .....                  (no boots)
Stlth    ++........             (no amulet)
HPRegen  0.08/turn              e - ring of protection from fire
MPRegen  0.11/turn              (no ring)

@: no status effects
A: high mp 1, forlorn
a: no special abilities


You were on level 2 of the Dungeon.
You visited 1 branch of the dungeon, and saw 2 of its levels.

You collected 54 gold pieces.

Inventory:

Hand Weapons
 b - a +2 hunting sling of flaming
 d - a +0 dagger
 g - a +0 short sword (weapon)
Missiles
 h - 8 boomerangs
 i - 15 poisoned darts
 l - 20 stones
 m - 19 bolts
Armour
 a - a +0 robe (worn)
Jewellery
 e - a ring of protection from fire (left hand)
Scrolls
 f - a scroll of amnesia {unknown}
 j - 2 scrolls of identify {unknown}
 k - a scroll of teleportation {unknown}
 o - a scroll of magic mapping {unknown}
Potions
 c - a potion of degeneration {unknown}
 n - a potion of lignification {unknown}


   Skills:
 + Level 1.9 Dodging
 + Level 2.0 Stealth
 + Level 2.1 Spellcasting
 + Level 4.5 Conjurations


You had 5 spell levels left.
You knew the following spells:

 Your Spells              Type           Power      Damage    Failure   Level
a - Magic Dart            Conj           96%        1d7       1%          1

Your spell library contained the following spells:

 Spells                   Type           Power      Damage    Failure   Level
 Searing Ray              Conj           48%        3d5       2%          2
 Dazzling Flash           Conj/Hex       26%        N/A       14%         3
 Fulminant Prism          Conj/Hex       6%         3d7       43%         4
 Iskenderun's Mystic Bla  Conj/Tloc      13%        2d5       43%         4


Dungeon Overview and Level Annotations

Branches:
Dungeon (2/15)

Annotations:
D:2 Natasha, Sigmund


Innate Abilities, Weirdness & Mutations

Your attributes grow dramatically as you level up.
You have an increased reservoir of magic. (+10% MP)
You shall have no god before yourself.


Message History

Sigmund is suddenly surrounded by pale green light.
Sigmund gestures at you while chanting.
You are confused.
You're too confused to cast spells.
Unknown command.
Unknown command.
Unknown command.
You bump into the rock wall.
You're too confused to move!
You're too confused to move!
A jackal comes into view.
The jackal barks!
Sigmund hits you from afar with a +0 scythe!
Sigmund is suddenly surrounded by pale red light.
Sigmund closely misses you.
You're too confused to cast spells.
You bump into the rock wall.
Sigmund barely misses you.
Sigmund hits you from afar with a +0 scythe.
You feel less confused.
Casting: Magic Dart (safe; 1% risk of failure)
Confirm with . or Enter, or press ? or * to list all spells.
You don't know that spell.
Sigmund barely misses you.
Casting: Magic Dart (safe; 1% risk of failure)
Confirm with . or Enter, or press ? or * to list all spells.
Aiming: Magic Dart (safe; 1% risk of failure)
Press: ? - help, Shift-Dir - straight line, f/p - Sigmund
Aim: Sigmund, wielding a +0 scythe and wearing a +0 robe (lightly wounded, fast, 100% to hit)
The magic dart hits Sigmund.
Sigmund is moderately wounded.
Sigmund gestures at you while chanting. The magic dart hits you!
* * * LOW HITPOINT WARNING * * *
Sigmund gestures wildly while chanting.
Sigmund flickers and vanishes!
Deactivating autopickup; reactivate with Ctrl-A.
The jackal bites you.
* * * LOW HITPOINT WARNING * * *
Something hits you!
You die...

#.# #.# .# #.# ...
#.# .. #.## .# #..#
##.# ##.## ##..#
#..####..###
#....@h....#
#..........####.#.
#.................
#..........####.##
##.############.##†<
#)# ####........
#.######...........
#........##.....#..
#################


You could see a jackal.

Vanquished Creatures
  A worm (D:2)
  2 endoplasms
  A giant cockroach (D:2)
  12 goblins
  5 hobgoblins
  3 jackals
  3 kobolds (D:1)
  2 quokkas (D:1)
  2 ball pythons (D:1)
  4 bats (D:1)
  5 frilled lizards (D:1)
  5 rats
45 creatures vanquished.

Notes
Turn   | Place    | Note
-------+----------+-------------------------------------------
     0 | D:1      | unlimited the Demigod Conjurer began the quest for the Orb.
     0 | D:1      | Reached XP level 1. HP: 14/14 MP: 5/5
   697 | D:1      | Reached skill level 4 in Conjurations
   831 | D:1      | Reached XP level 2. HP: 18/20 MP: 4/7
  3255 | D:2      | Reached XP level 3. HP: 26/26 MP: 6/8
  3260 | D:2      | Noticed Natasha
  4313 | D:2      | Noticed Sigmund
  4327 | D:2      | Slain by Sigmund

Illustrated notes

Levels and vault maps discovered:
D:1:      scummos_arrival_hexagon, layout_basic
D:2:      layout_rooms, uniq_robin, uniq_sigmund, uniq_natasha

Skill      XL: |  1  2  3 |
---------------+----------+-----
Conjurations   | 4 |  4.5
Spellcasting   | 2 |  2.1
Stealth        | 2 |  2.0
Dodging        | |  1.9

Action                   || total
-------------------------++-------
 Cast: Magic Dart        ||    83
Armor: Robe              ||     3
Dodge: Dodged            ||     6

Table legend: (Time is in decaauts)
 A = Elapsed time spent in this place.
 B = Non-inter-level travel time spent in this place.
 C = Inter-level travel time spent in this place.
 D = Time resting spent in this place.
 E = Time spent auto-exploring this place.
 F = Levels seen in this place.
 G = Mean time per level.
                   A        B        C        D        E       F      G
               +--------+--------+--------+--------+--------+-----+--------+
         Total |   4326 |   3629 |    697 |   3452 |      0 |   2 | 2163.0 |
       Dungeon |   4326 |   3629 |    697 |   3452 |      0 |   2 | 2163.0 |
               +--------+--------+--------+--------+--------+-----+--------+

Top non-repeatable levels by time:
     D:1: 3249 daAuts
     D:2: 1077 daAuts
